AoeStats
← Michi3052

Arena

509154492Analyzed
1v1 RM · 6d ago on Sep 25, 2026· 34m 38s· 2 players
Game mode
Random Map
Map size
Tiny (2 player)
Population
200
Speed
Normal
Resources
Standard
Victory
Conquest
Starting age
Dark Age
Ending age
Imperial Age
RankedLock teamsTeams togetherTeam positionsShared explorationLock speedFull tech treeHidden civsTurbo modeCheats
Victory
Defeat
🇪🇸 Turks · Spain
741
+15
🇩🇪 Aztecs · Germany
721
-15
Pauli_Zecke92
10:26 Feudal Age
14:22 Castle Age
12:48 Double-Bit Axe
13:05 Horse Collar
21:17 Bow Saw
22:49 Wheelbarrow
22:32 Squires
24:16 Hand Cart
23:48 Loom
24:05 Stone Mining
24:15 Gold Mining
24:32 Heavy Plow
28:45 Imperial Age
26:24 Scale Mail Armor
26:34 Forging
26:15 Fletching
26:13 Elite Skirmisher
26:44 Treadmill Crane
27:05 Eagle Warrior
27:31 Arson
29:27 Bodkin Arrow
29:33 Padded Archer Armor
30:10 Bracer
31:14 Chemistry
30:46 Chain Mail Armor
30:48 Elite Eagle Warrior
32:29 Iron Casting
33:37 Plate Mail Armor
Michi3052
11:58 Feudal Age
17:53 Castle Age
16:35 Double-Bit Axe
16:53 Horse Collar
20:10 Heavy Plow
24:58 Imperial Age
23:58 Bow Saw
24:05 Fletching
24:45 Gold Mining
26:45 Gold Shaft Mining
27:43 Wheelbarrow
27:44 Padded Archer Armor
34:02 Bodkin Arrow
34:19 Thumb Ring
Connection lost

Rejoining the realm…

Still unreachable

The connection could not be restored.

Session expired

The server has moved on; the page needs a fresh start.